Map: Vigía EE

Players

MrFercho

  • Race: Zerg Zerg
  • League: Silver
  • Spawn Location: 9:00

tigro

  • Race: Terran Terran
  • League: Bronze
  • Spawn Location: 9:00

TATORREA

  • Race: Protoss Protoss
  • League: Silver
  • Spawn Location: 12:00

BigTesco

  • Race: Terran Terran
  • League: Platinum
  • Spawn Location: 5:00

ObinKrauss

  • Race: Terran Terran
  • Spawn Location: 6:00

pablo

  • Race: Protoss Protoss
  • Spawn Location: 5:00

VOD

Have the link to the VOD?

Description

Time

  • Played on: June 17, 2020, 8:32 p.m.
  • Length: 19:15
Show
View Real Time Build Order
Export as new Build Order

MrFercho Zerg 

Build Orders: Hatch First, Lurkers 

Get SALT Encoding   

  12  0:01  Drone  
  13  0:16  Overlord  
  13  0:21  Drone  
  14  0:35  Drone x2  
  16  0:38  Drone  
  17  1:02  Drone x2  
  19  1:06  Hatchery  
  18  1:17  Spawning Pool  
  18  1:18  Drone  
  18  1:23  Extractor  
  18  1:24  Drone  
  18  1:35  Drone  
  19  1:50  Drone  
  20  1:57  Overlord  
  20  2:05  Queen  
  22  2:15  Drone  
  22  2:16  Drone  
  22  2:19  Queen  
  22  2:20  Drone  
  27  2:25  Drone  
  27  2:29  Drone  
  29  2:40  Drone  
  29  2:41  Drone  
  31  2:53  Lair, Drone  
  31  2:54  Drone  
  33  2:59  Drone  
  33  3:04  Roach Warren  
  33  3:06  Drone  
  33  3:07  Evolution Chamber  
  33  3:10  Queen  
  33  3:11  Drone  
  36  3:13  Overlord  
  36  3:19  Extractor  
  35  3:20  Extractor, Drone x2  
  36  3:35  Drone x4  
  40  3:55  Drone x4  
  44  4:07  Spine Crawler  
  44  4:08  Hatchery  
  42  4:12  Roach  
  42  4:13  Overlord  
  44  4:34  Zerg Missile Weapons Level 1  
  44  4:35  Glial Reconstitution  
  44  4:38  Roach  
  44  4:39  Roach x3  
  52  4:46  Overlord  
  52  4:47  Overlord  
  52  5:06  Roach  
  56  5:07  Roach  
  56  5:09  Zergling x6  
  59  5:22  Extractor  
  59  5:28  Hydralisk Den  
  57  5:29  Drone x10  
  67  5:59  Drone x7  
  67  6:03  Overlord x2  
  67  6:04  Overlord x3  
  74  6:27  Grooved Spines  
  74  6:32  Drone x11  
  82  6:41  Extractor x2  
  80  6:48  Drone  
  80  6:49  Drone x6  
  87  7:00  Zerg Ground Armor Level 1  
  79  7:05  Evolution Chamber  
  72  7:09  Hydralisk x6  
  84  7:26  Queen  
  86  7:35  Spine Crawler x2  
  84  7:37  Spine Crawler  
  84  7:38  Muscular Augments  
  84  7:39  Spore Crawler  
  84  7:40  Drone  
  84  7:41  Drone x3  
  86  7:48  Hydralisk  
  86  7:49  Hydralisk x10  
  108  7:58  Lurker Den  
  108  8:02  Infestation Pit  
  108  8:03  Zerg Missile Weapons Level 2  
  106  8:28  Overlord x3  
  106  8:29  Overlord x2  
  106  8:35  Hydralisk  
  106  8:36  Hydralisk x3  
  114  8:50  Hive  
  114  9:07  Hydralisk x5  
  114  9:08  Hatchery, Hydralisk x9  
  141  9:17  Lurker x6  
  141  9:23  Hydralisk x3  
  153  9:32  Hatchery  
  153  9:36  Overlord  
  153  9:37  Overlord x3  
  152  9:42  Hatchery  
  151  10:00  Overseer  
  151  10:05  Overseer x2  
  123  10:45  Hydralisk x13  
  123  10:46  Hydralisk x3  
  155  10:56  Extractor  
  154  11:16  Zerg Missile Weapons Level 3, Zerg Ground Armor Level 2  
  154  11:24  Spire  
  153  11:32  Hatchery, Hydralisk x10  
  155  11:33  Hydralisk x2  
  176  11:40  Queen  
  178  11:52  Drone x9  
  187  12:11  Drone x3  
  187  12:12  Drone x5  
  195  12:43  Zerg Flyer Weapons Level 1  
  195  12:49  Drone  
  195  12:50  Drone x4  
  198  13:18  Extractor  
  182  13:30  Hydralisk  
  182  13:31  Hydralisk x8  
  196  13:44  Overlord x4  
  187  14:45  Drone  
  187  14:46  Drone x13  
  177  15:09  Hydralisk  
  177  15:10  Hydralisk x13  
  195  15:23  Zerg Ground Armor Level 3  
  175  15:52  Hydralisk x6  
  175  15:53  Hydralisk x6  
  191  16:11  Hydralisk x4  
  173  16:24  Hydralisk x4  
  179  16:29  Pneumatized Carapace  
  179  16:31  Hydralisk x4  
  137  17:20  Hydralisk x5  
  137  17:21  Hydralisk x10  
  157  17:41  Hydralisk  
  157  17:42  Hydralisk x3  
  129  17:51  Hydralisk  
  129  17:52  Hydralisk x5  
  139  18:13  Hydralisk x2  
  139  18:14  Hydralisk x6  
  155  18:27  Hydralisk x2  
Show
View Real Time Build Order
Export as new Build Order

tigro Terran 

Build Orders:  

Get SALT Encoding   

  12  0:02  SCV  
  13  0:14  SCV  
  14  0:27  Supply Depot, SCV  
  15  0:36  Refinery  
  15  0:48  SCV  
  16  0:53  Barracks  
  16  1:00  SCV  
  17  1:05  Refinery  
  17  1:12  SCV  
  18  1:20  Supply Depot  
  18  1:24  SCV  
  19  1:37  SCV  
  20  1:40  Marine  
  21  1:49  SCV  
  22  1:58  Marine  
  22  2:01  SCV  
  24  2:08  Barracks  
  24  2:13  SCV  
  25  2:16  Marine  
  26  2:27  Orbital Command  
  26  2:34  Marine  
  27  2:38  Engineering Bay  
  27  2:52  Marine  
  27  2:54  SCV  
  29  2:59  Barracks Tech Lab  
  29  3:12  Factory  
  29  3:22  Barracks Tech Lab  
  29  3:23  Command Center, Combat Shield  
  29  3:29  Marine  
  30  3:47  Marine  
  31  3:49  Terran Infantry Weapons Level 1  
  31  3:54  Stimpack  
  31  4:05  Marine  
  31  4:07  Factory Tech Lab  
  32  4:17  Starport  
  32  4:23  Marine  
  32  4:24  Marine  
  34  4:36  Refinery  
  34  4:41  Marine x2, SCV  
  34  4:42  Concussive Shells  
  37  4:52  Siege Tank  
  40  4:53  SCV  
  40  4:58  Marine  
  42  5:06  Medivac  
  44  5:13  Refinery, SCV  
  45  5:25  SCV  
  46  5:37  SCV  
  46  5:39  Missile Turret  
  47  5:43  Terran Infantry Armor Level 1  
  47  5:46  Starport Tech Lab  
  47  6:00  Missile Turret  
  47  6:05  SCV  
  48  6:17  SCV  
  49  6:20  Missile Turret  
  49  6:29  SCV  
  50  6:41  SCV  
  51  6:52  Marine  
  51  6:53  Marine, Missile Turret  
  51  6:54  SCV  
  54  6:57  Siege Tank  
  57  7:10  Marine  
  57  7:11  Marine  
  56  7:28  Marine x2  
  56  7:29  Siege Tank  
  53  7:37  Neosteel Armor  
  47  7:46  Marine x2  
  46  8:03  Medivac  
  46  8:04  Marine x2  
  45  8:13  Planetary Fortress  
  45  8:22  Marine x2  
  47  8:33  Medivac  
  49  8:35  Fusion Core  
  49  8:39  Marine  
  49  8:40  Marine  
  51  8:57  Marine x2  
  53  9:04  Command Center, Siege Tank  
  53  9:07  Mag-Field Accelerator  
  56  9:15  Marine x2  
  58  9:17  Hi-Sec Auto Tracking  
  58  9:23  Armory  
  58  9:33  Marine x2  
  60  9:51  Marine x2  
  62  9:58  Supply Depot  
  62  10:03  Weapon Refit  
  62  10:15  Marine x2, Siege Tank, SCV  
  68  10:21  Supply Depot  
  68  10:27  SCV  
  69  10:33  Marine x2  
  71  10:40  SCV  
  72  10:45  Supply Depot  
  72  10:46  Infernal Pre-Igniter  
  72  10:48  Siege Tank  
  75  10:52  SCV  
  75  10:55  Battlecruiser  
  82  11:04  SCV  
  83  11:07  Supply Depot, Refinery  
  83  11:12  Missile Turret  
  83  11:33  Missile Turret  
  83  11:44  Rapid Reignition System  
  83  11:59  Battlecruiser  
  83  12:00  Missile Turret  
  89  12:22  Missile Turret  
  89  12:25  Thor  
  89  12:29  Marine  
  95  12:30  Marine  
  97  12:40  Advanced Ballistics  
  97  12:45  Missile Turret  
  97  12:47  Marine  
  98  13:04  Battlecruiser  
  104  13:16  Missile Turret  
  104  13:38  Missile Turret  
  70  13:52  Marine x2  
  53  14:01  Thor, Missile Turret  
  59  14:08  Battlecruiser  
  65  14:10  Marine x2  
  61  14:27  Marine  
  61  14:28  Marine  
  63  14:45  Marine x2  
  63  14:46  Missile Turret  
  63  14:51  Siege Tank  
  68  15:03  Marine x2  
  68  15:04  SCV  
  71  15:07  Missile Turret  
  71  15:12  Battlecruiser  
  77  15:16  SCV  
  77  15:20  Refinery  
  77  15:21  Marine x2  
  78  15:23  Siege Tank  
  83  15:29  SCV  
  83  15:30  Missile Turret  
  84  15:39  Marine x2  
  84  15:41  SCV  
  87  15:53  SCV  
  87  15:55  Siege Tank  
  87  15:56  Marine  
  91  15:57  Marine  
  93  16:17  Command Center  
  93  16:24  Medivac, Marine x2  
  97  16:27  Siege Tank  
  100  16:44  Refinery  
  100  16:49  Refinery  
  100  16:54  Medivac  
  100  16:59  Siege Tank  
  83  17:24  Battlecruiser  
  89  17:31  Thor  
  59  18:03  Marine x2  
  48  18:14  Thor  
  52  18:21  Marine x2  
  52  18:38  Marine  
  52  18:39  Marine  
  47  18:56  Marine  
Show
View Real Time Build Order
Export as new Build Order

TATORREA Protoss 

Build Orders: Carriers 

Get SALT Encoding   

  12  0:02  Probe  
  14  0:14  Probe  
  14  0:19  Pylon  
  14  0:26  Probe  
  15  0:38  Probe  
  15  0:41  Gateway  
  16  0:48  Probe  
  16  0:56  Probe  
  17  1:02  Assimilator  
  18  1:05  Probe  
  19  1:13  Probe  
  20  1:19  Pylon  
  20  1:21  Probe  
  20  1:31  Assimilator, Probe  
  21  1:36  Cybernetics Core  
  22  1:43  Probe  
  23  1:55  Probe  
  24  2:02  Gateway  
  24  2:07  Probe  
  25  2:19  Probe  
  26  2:32  Probe, Nexus  
  26  2:35  Pylon  
  27  2:44  Probe  
  28  2:54  Pylon  
  28  2:55  Probe  
  29  2:59  Pylon  
  29  3:02  Pylon  
  29  3:04  Probe  
  30  3:16  Stargate  
  30  3:18  Stargate  
  30  3:19  Probe  
  31  3:31  Probe  
  31  3:33  Warp Gate  
  32  3:43  Probe  
  33  3:53  Probe  
  33  3:54  Robotics Facility  
  33  3:55  Probe  
  35  4:00  Assimilator  
  35  4:02  Assimilator  
  35  4:05  Probe  
  35  4:07  Probe  
  37  4:16  Fleet Beacon  
  37  4:17  Probe  
  37  4:19  Probe  
  39  4:27  Stalker x2  
  39  4:29  Probe  
  44  4:31  Probe  
  45  4:41  Probe  
  45  4:43  Probe  
  47  4:53  Probe  
  47  4:56  Nexus  
  47  4:58  Probe  
  49  5:01  Pylon  
  49  5:05  Probe  
  50  5:10  Probe  
  51  5:18  Protoss Air Weapons Level 1, Probe  
  51  5:21  Carrier  
  58  5:25  Probe  
  59  5:30  Probe  
  60  5:37  Probe  
  60  5:42  Probe  
  68  5:49  Probe  
  69  5:53  Assimilator  
  69  5:54  Probe  
  70  6:01  Probe  
  71  6:04  Assimilator, Pylon  
  71  6:06  Probe  
  71  6:08  Pylon  
  71  6:10  Probe  
  73  6:12  Pylon, Carrier  
  73  6:13  Probe  
  73  6:18  Probe  
  64  6:22  Probe  
  58  6:26  Probe  
  58  6:30  Probe  
  60  6:38  Probe x2  
  62  6:42  Probe  
  62  6:46  Pylon  
  48  6:49  Pylon  
  48  6:50  Probe x2  
  46  7:02  Probe x2  
  48  7:14  Probe  
  48  7:15  Stalker x2  
  36  7:17  Immortal  
  36  7:22  Probe  
  43  7:27  Probe  
  44  7:34  Probe  
  45  7:39  Stalker x2, Probe  
  50  7:45  Probe  
  50  7:46  Carrier  
  50  7:49  Carrier, Probe  
  52  7:53  Probe  
  52  7:57  Probe  
  66  8:11  Stalker  
  66  8:12  Stalker  
  70  8:17  Probe x2  
  72  8:25  Probe x2  
  72  8:33  Probe x2  
  76  8:45  Stalker  
  78  8:50  Stalker  
  78  8:53  Carrier  
  86  8:59  Probe x2  
  88  9:10  Carrier  
  88  9:16  Stalker x2  
  98  9:31  Protoss Air Weapons Level 2  
  98  9:44  Stalker  
  98  9:45  Stalker  
  102  9:58  Carrier  
  107  10:41  Nexus  
  107  10:46  Pylon, Probe  
  107  10:47  Probe  
  109  10:54  Probe  
  109  11:00  Probe  
  109  11:02  Probe  
  117  11:04  Carrier  
  117  11:10  Gateway  
  118  11:12  Gateway x2  
  118  11:20  Pylon  
  118  11:34  Pylon  
  118  11:38  Carrier, Probe x2  
  126  11:44  Pylon  
  122  11:54  Probe x2  
  122  11:55  Probe  
  125  12:02  Assimilator  
  125  12:04  Assimilator  
  125  12:06  Immortal, Probe  
  125  12:07  Probe x2  
  138  12:08  Carrier  
  138  12:19  Probe  
  139  12:28  Probe x2  
  141  12:31  Probe  
  142  12:40  Probe x2  
  142  12:43  Probe, Nexus  
  145  12:46  Pylon  
  145  12:52  Probe x2  
  145  12:53  Carrier  
  145  12:56  Probe  
  154  12:59  Protoss Air Weapons Level 3  
  154  13:04  Probe x2  
  156  13:07  Stalker x2  
  156  13:08  Probe  
  161  13:16  Pylon  
  161  13:22  Pylon  
  161  13:26  Pylon  
  141  13:34  Pylon  
  87  13:54  Stalker x4  
  87  13:55  Stalker  
  73  14:06  Void Ray  
  73  14:07  Void Ray  
  73  14:08  Probe  
  73  14:09  Probe  
  66  14:21  Probe x3  
  66  14:28  Assimilator  
  64  14:32  Stalker x3, Assimilator  
  64  14:33  Stalker x2, Probe  
  60  14:58  Probe x2  
  61  15:01  Void Ray x2  
  68  15:10  Probe  
  69  15:16  Stalker x2  
  73  15:41  Nexus  
  73  15:44  Phoenix x2  
  75  15:57  Probe x2  
  77  16:09  Probe x2  
  79  16:21  Probe  
  80  16:30  Assimilator  
  80  16:33  Assimilator  
  80  16:35  Pylon  
  80  16:40  Pylon  
  80  16:45  Pylon, Phoenix x2  
  39  17:26  Stalker x3  
  39  17:27  Stalker x2  
Show
View Real Time Build Order
Export as new Build Order

BigTesco Terran 

Build Orders:  

Get SALT Encoding   

  12  0:01  SCV  
  13  0:13  SCV  
  14  0:20  Supply Depot  
  14  0:25  SCV  
  15  0:42  Barracks, SCV  
  16  0:55  SCV  
  17  0:57  Refinery  
  17  1:07  SCV  
  18  1:19  SCV  
  20  1:37  Orbital Command  
  19  2:01  Factory  
  19  2:02  Command Center  
  19  2:04  SCV  
  20  2:16  SCV  
  20  2:17  Barracks Reactor  
  21  2:29  SCV  
  22  2:41  Refinery, SCV  
  23  2:45  Supply Depot  
  23  2:51  Supply Depot  
  23  2:55  Starport  
  23  3:03  Factory Tech Lab  
  23  3:07  SCV  
  23  3:08  Supply Depot  
  24  3:14  Orbital Command  
  24  3:19  SCV  
  25  3:24  Marine x2  
  27  3:30  Supply Depot  
  27  3:31  Engineering Bay, SCV  
  28  3:42  Marine x2  
  28  3:43  SCV, Siege Tank  
  28  3:46  Starport Reactor  
  34  3:56  Supply Depot, SCV x2  
  34  4:00  Marine x2  
  38  4:08  Terran Infantry Weapons Level 1, SCV  
  38  4:09  SCV  
  40  4:21  SCV  
  40  4:23  Marine x2  
  43  4:26  Medivac  
  45  4:33  Medivac, SCV  
  45  4:36  SCV  
  49  4:41  Marine x2, Refinery  
  49  4:45  SCV  
  52  4:48  SCV  
  53  4:57  SCV  
  53  4:59  Marine x2  
  56  5:00  Siege Tank, SCV  
  60  5:07  Refinery  
  60  5:09  SCV  
  60  5:12  SCV  
  62  5:17  Marine x2  
  64  5:21  SCV  
  64  5:22  Barracks  
  64  5:24  SCV  
  64  5:26  Barracks  
  64  5:28  Barracks  
  66  5:33  SCV  
  67  5:36  SCV  
  68  5:45  SCV  
  68  5:48  SCV  
  70  5:51  Command Center  
  70  6:08  Supply Depot x2  
  70  6:09  Sensor Tower  
  70  6:14  Supply Depot  
  70  6:24  Barracks Tech Lab  
  70  6:26  Barracks Reactor  
  70  6:29  Barracks Reactor, Marine x2  
  70  6:30  SCV x2  
  74  6:39  Sensor Tower  
  74  6:42  SCV x2  
  77  6:54  SCV  
  69  7:15  Marine  
  69  7:16  Marine x4  
  69  7:17  Marauder  
  69  7:18  Sensor Tower  
  63  7:26  Marine  
  63  7:33  Marine x2, SCV x2  
  63  7:34  Marine x3  
  70  7:37  Orbital Command  
  70  7:38  Marauder, Refinery  
  70  7:44  Marine  
  73  7:45  SCV x2  
  75  7:51  Marine x3  
  75  7:52  Marine x2  
  75  7:57  SCV x2  
  82  8:00  Marauder  
  82  8:01  Marine  
  82  8:02  Refinery  
  85  8:08  Supply Depot  
  85  8:09  Marine x5, SCV x2  
  92  8:14  Command Center  
  92  8:20  SCV  
  92  8:21  Marauder, Command Center, SCV x2  
  97  8:30  Medivac  
  97  8:31  Medivac  
  97  8:32  SCV  
  97  8:33  SCV  
  97  8:34  SCV  
  104  8:42  Marauder  
  104  8:44  SCV  
  104  8:45  SCV  
  104  8:46  SCV  
  109  8:56  SCV  
  109  8:58  SCV x2  
  109  9:00  Marine x5  
  117  9:25  Medivac, Marine x7  
  117  9:26  SCV x3  
  129  9:38  SCV x2  
  131  9:43  Marine x5  
  131  9:44  Marine  
  131  9:45  Marine  
  138  9:51  Refinery  
  138  9:52  Refinery, Orbital Command  
  138  9:53  Orbital Command  
  138  9:57  Refinery  
  138  10:01  Marine x5  
  138  10:02  Marine x2  
  145  10:09  Terran Infantry Armor Level 1  
  145  10:12  Armory  
  144  10:19  Marine x3  
  144  10:20  Refinery  
  147  10:27  Marine x3  
  147  10:28  Marine  
  147  10:34  Engineering Bay  
  141  10:37  Marine x3  
  141  10:42  Barracks  
  144  10:44  Barracks  
  144  10:45  Barracks, Marine x3  
  144  10:48  Barracks  
  147  11:07  Supply Depot x3  
  147  11:08  Supply Depot x2  
  147  11:09  Supply Depot  
  147  11:10  Supply Depot  
  147  11:11  Supply Depot  
  147  11:12  Supply Depot  
  147  11:28  Command Center  
  147  11:29  Marine x7  
  147  11:32  Barracks Reactor, Barracks Tech Lab  
  154  11:35  Barracks Tech Lab  
  154  11:36  Command Center  
  154  11:39  Medivac x2  
  158  11:47  Marauder, Stimpack, Marine x6  
  158  11:51  Combat Shield  
  158  11:53  Concussive Shells  
  166  12:00  Marine x2  
  168  12:04  Marine x6  
  174  12:09  Marauder, Medivac x2  
  180  12:18  Marine x2  
  180  12:22  Marine x6  
  186  12:29  Barracks Tech Lab  
  188  12:30  Marauder  
  188  12:33  Terran Infantry Weapons Level 2  
  188  12:34  Terran Infantry Armor Level 2  
  188  12:35  Marine  
  188  12:36  Marine  
  192  12:39  Medivac x2  
  192  12:40  Marine x4  
  190  13:35  Marine x2  
  190  13:36  Marine x9  
  179  13:51  Marine  
  179  13:53  Marine x7  
  179  13:54  Marine x4  
  188  14:09  Marine  
  183  14:11  Marine x10  
  183  14:12  Marine  
  145  14:25  Medivac  
  145  14:26  Medivac, Marine  
  145  14:29  Marine x11  
  149  14:33  Orbital Command  
  149  14:37  Refinery  
  149  14:39  Refinery  
  149  14:44  Marine  
  150  14:47  Marine x11  
  161  14:55  Medivac  
  161  14:56  Medivac  
  165  15:02  Marine, Refinery  
  165  15:04  Marine  
  165  15:05  Marine x10, Refinery  
  177  15:20  Marine  
  178  15:22  Marine x6  
  178  15:23  Marine x5  
  178  15:25  Medivac x2  
  193  15:38  Marine  
  193  15:39  Command Center  
  193  15:40  Marine x6  
  195  16:12  Marine x3  
  195  16:13  Marine x9  
  195  16:14  Medivac x2  
  172  16:30  Marine x8  
  172  16:31  Marauder x4  
  188  16:34  Orbital Command  
  188  16:44  Medivac x2  
  192  16:48  Marine x8  
  192  16:54  Refinery  
  200  17:19  Refinery  
  191  17:38  Marine x8  
  191  17:39  Marine x3  
  144  18:15  Marine x11  
  144  18:16  Marine  
  147  18:33  Marine x12  
  159  18:37  Orbital Command  
  159  18:50  Marine  
  159  18:51  Marine x11  
  159  18:55  Barracks  
  171  18:57  Barracks  
Show
View Real Time Build Order
Export as new Build Order

ObinKrauss Terran 

Build Orders: Mech 

Get SALT Encoding   

  12  0:13  Supply Depot  
  12  0:20  Refinery  
  12  0:48  Barracks  
  12  1:14  Engineering Bay  
  12  1:19  SCV  
  13  1:31  SCV  
  14  1:36  Barracks Reactor, Supply Depot  
  14  1:45  SCV  
  15  1:57  SCV  
  15  1:59  Supply Depot  
  16  2:09  SCV  
  16  2:14  Refinery  
  17  2:15  Marine  
  17  2:21  SCV  
  19  2:33  SCV  
  20  2:45  SCV  
  21  2:51  Supply Depot  
  21  3:16  Command Center  
  21  3:19  Marine x2  
  23  3:30  Terran Infantry Weapons Level 1  
  23  3:37  Marine x2  
  23  3:38  Missile Turret  
  23  3:39  SCV  
  26  3:51  SCV  
  26  3:54  Marine  
  26  3:55  Marine  
  29  4:07  Factory  
  29  4:11  SCV  
  29  4:12  Marine  
  31  4:24  SCV  
  32  4:29  SCV  
  33  4:41  SCV  
  34  4:48  Marine x2  
  36  4:53  SCV  
  36  4:59  Missile Turret  
  37  5:06  Marine x2, SCV  
  40  5:18  Factory Tech Lab, SCV  
  41  5:23  Marine  
  41  5:24  Terran Infantry Armor Level 1, Marine  
  43  5:30  SCV  
  44  5:40  Barracks  
  44  5:41  Marine  
  44  5:42  SCV  
  46  5:52  Factory  
  46  5:54  SCV  
  47  6:06  SCV  
  48  6:14  Marine x2  
  50  6:28  Barracks  
  50  6:29  SCV  
  50  6:32  Marine x2  
  53  6:33  Siege Tank  
  53  6:37  Factory  
  56  6:41  SCV  
  57  6:49  Marine  
  57  6:50  Marine  
  57  6:53  SCV  
  60  6:55  Barracks Reactor  
  60  7:05  SCV  
  60  7:07  Marine  
  62  7:16  Barracks  
  62  7:22  Factory  
  62  7:26  Refinery  
  62  8:03  Refinery  
  62  8:41  Factory Tech Lab  
  62  8:44  Factory Tech Lab  
  62  8:45  Factory Tech Lab  
  62  11:04  Supply Depot  
  62  11:25  Supply Depot, Marine, Siege Tank x2, SCV  
  70  11:26  Supply Depot  
  70  11:33  Supply Depot  
  70  11:46  Marine x4, Siege Tank, SCV  
  78  11:47  Marine, Siege Tank  
  78  11:48  Supply Depot x2  
  82  11:57  Supply Depot, Siege Tank x2  
  82  11:58  SCV  
  89  12:04  Marine x4  
  89  12:05  Marine  
  94  12:10  SCV  
  94  12:11  Supply Depot  
  94  12:12  Supply Depot  
  95  12:18  Siege Tank  
  95  12:20  Siege Tank  
  95  12:22  Marine x4  
  105  12:23  Marine  
  112  12:30  Siege Tank x2  
  112  12:34  Supply Depot  
  112  12:39  Marine x4  
  112  12:41  Marine  
  117  12:50  Siege Tank  
  120  12:52  Siege Tank  
  120  12:57  Supply Depot, Marine x4  
  127  12:58  Marine  
  127  13:02  Siege Tank x2  
  134  13:15  Marine x4  
  134  13:16  Marine  
  127  13:20  Supply Depot  
  127  13:23  Siege Tank  
  127  13:24  Siege Tank  
  107  13:33  Marine x4  
  107  13:34  Marine, Siege Tank x2  
  82  13:43  Supply Depot  
  82  13:51  Marine x4  
  82  13:52  Marine  
  82  13:55  Siege Tank  
  90  13:56  Siege Tank  
  93  14:06  Supply Depot, Siege Tank x2  
  93  14:08  Marine x4  
  103  14:10  Marine  
  104  14:26  Marine x4  
  104  14:27  Marine, Siege Tank  
  104  14:28  Siege Tank  
  104  14:29  Supply Depot  
  104  14:31  Armory  
  115  14:38  Siege Tank x2  
  121  14:44  Marine x4  
  125  14:45  Marine  
  126  14:52  Supply Depot  
  126  14:59  Siege Tank  
  129  15:00  Siege Tank  
  129  15:02  Marine x4  
  129  15:03  Marine  
  137  15:10  Siege Tank x2  
  143  15:19  Supply Depot  
  143  15:20  Marine x4  
  143  15:21  Marine  
  148  15:31  Siege Tank  
  148  15:32  Siege Tank  
  154  15:38  Marine x4  
  154  15:39  Marine  
  159  15:42  Supply Depot  
  159  15:57  Marine  
  160  16:32  Marine x3  
  161  16:33  Marine x2  
  165  16:43  Siege Tank x2  
  165  16:44  Siege Tank x2  
  174  16:50  Marine x3  
  174  16:51  Marine x2  
  122  17:07  Marine  
  122  17:08  Marine x2  
  87  17:09  Marine x2  
  68  17:15  Siege Tank  
  68  17:16  Siege Tank x3  
  78  17:25  Marine  
  78  17:26  Marine x3  
  78  17:27  Marine  
  83  17:33  Engineering Bay  
  83  17:44  Marine  
  83  17:48  Siege Tank x3  
  93  17:52  Marine x4  
  97  18:02  Marine  
  98  18:09  Marine  
  98  18:10  Marine x3  
  102  18:20  Marine  
  103  18:27  Marine  
  103  18:28  Marine x3  
Show
View Real Time Build Order
Export as new Build Order

pablo Protoss 

Build Orders: 1 Gate Expand, Carriers 

Get SALT Encoding   

  12  0:01  Probe  
  13  0:13  Probe  
  14  0:19  Pylon  
  14  0:25  Probe  
  15  0:37  Probe  
  15  0:41  Gateway  
  16  0:50  Assimilator  
  16  0:53  Probe  
  17  1:05  Probe  
  18  1:17  Probe  
  19  1:30  Nexus  
  19  1:47  Assimilator, Probe  
  20  1:56  Cybernetics Core  
  20  1:59  Probe  
  21  2:10  Warp Gate  
  21  2:11  Zealot  
  23  2:24  Pylon  
  23  2:38  Robotics Facility  
  23  2:41  Probe  
  23  2:42  Probe  
  25  2:50  Stalker  
  25  2:53  Probe  
  25  2:54  Probe  
  30  3:05  Probe  
  30  3:06  Probe  
  30  3:09  Pylon  
  30  3:10  Gateway  
  31  3:17  Probe  
  31  3:18  Probe  
  33  3:38  Observer  
  34  3:49  Twilight Council  
  34  3:52  Observer  
  34  3:53  Gateway  
  34  3:59  Probe  
  34  4:00  Probe  
  37  4:04  Pylon  
  37  4:11  Probe  
  37  4:12  Probe  
  39  4:24  Probe x2, Blink  
  41  4:30  Warp Prism  
  41  4:36  Pylon, Probe x2  
  41  4:38  Pylon  
  45  4:44  Zealot x2  
  49  4:48  Probe, Zealot  
  52  5:07  Assimilator, Stargate  
  52  5:10  Stargate  
  52  5:27  Stalker x3  
  58  5:36  Probe  
  58  5:37  Nexus  
  58  5:38  Probe  
  60  5:44  Assimilator  
  60  5:48  Probe  
  61  5:50  Probe  
  62  6:06  Zealot x2  
  62  6:07  Zealot  
  52  6:43  Stalker x3  
  58  7:01  Fleet Beacon  
  58  7:02  Probe  
  58  7:04  Probe x2  
  58  7:05  Pylon  
  58  7:07  Pylon  
  61  7:08  Pylon  
  61  7:09  Stalker x3  
  61  7:14  Probe  
  68  7:16  Probe, Warp Prism  
  68  7:17  Probe  
  72  7:26  Probe  
  72  7:29  Probe x2  
  73  7:38  Probe  
  73  7:41  Probe x2  
  76  7:50  Probe  
  75  7:52  Stalker  
  75  7:53  Stalker x2, Probe x2  
  80  8:22  Stalker x2  
  80  8:25  Pylon  
  84  8:27  Pylon  
  84  8:28  Stalker  
  86  8:37  Pylon  
  86  8:39  Carrier x2  
  86  8:40  Pylon  
  98  8:43  Gateway  
  98  8:44  Gateway  
  98  8:45  Gateway  
  98  8:52  Probe  
  98  8:55  Assimilator  
  99  8:56  Probe  
  99  8:59  Assimilator  
  100  9:03  Stalker x3  
  100  9:04  Probe  
  100  9:08  Probe  
  108  9:21  Probe  
  109  9:34  Stalker x3  
  115  9:39  Stalker x2  
  115  9:44  Carrier x2  
  131  9:50  Charge  
  105  10:42  Stalker  
  105  10:43  Stalker x5  
  105  10:48  Carrier  
  105  10:49  Carrier  
  129  11:08  Zealot x3  
  129  11:09  Zealot x3  
  141  11:28  Zealot  
  141  11:29  Zealot x3  
  147  11:42  Carrier  
  147  11:43  Carrier  
  111  12:01  Stalker  
  111  12:02  Stalker x5  
  123  12:10  Protoss Air Weapons Level 1  
  123  12:26  Zealot  
  123  12:27  Zealot x4  
  123  12:28  Zealot  
  135  12:31  Nexus  
  135  12:33  Pylon  
  135  12:35  Pylon  
  135  12:46  Carrier  
  135  12:48  Carrier  
  147  13:00  Pylon  
  124  15:26  Probe  
  125  15:28  Stalker  
  125  15:29  Stalker x5, Carrier x2  
  137  15:38  Probe  
  138  15:49  Protoss Air Armor Level 1  
  148  15:50  Probe  
  149  16:02  Probe  
  150  16:06  Assimilator  
  150  16:14  Pylon, Probe  
  150  16:15  Zealot x2  
  150  16:16  Zealot x2  
  150  16:17  Pylon, Zealot x2  
  163  16:20  Pylon  
  163  16:27  Carrier x2  
  163  16:36  Zealot x2  
  163  16:37  Zealot x3  
  163  16:38  Zealot  
  187  16:56  Zealot x2  
  191  17:07  Assimilator  
  191  17:31  Carrier  
Tags
 
Add a new tag
Caveats
  • Supply blocks, unpowered buildings, or Contaminate may cause inaccurate times.
  • Supply counts are checked every 10 seconds.